 Dungeon Crawl Stone Soup version 0.30-a0-718-geaa24f58ff (webtiles) character file.

Game seed: 11546418419791113693

63 voltaire321 the Insei (level 4, -4/29 HPs)
             Began as an Octopode Transmuter on Jan 25, 2023.
             Slain by an orc
             ... wielding a +0 flail
              (8 damage)
             ... on level 3 of the Dungeon.
             The game lasted 00:04:10 (1723 turns).

voltaire321 the Insei (Octopode Transmuter)         Turns: 1723, Time: 00:04:10

Health: -4/29      AC:  1    Str:  9    XL:     4   Next: 9%
Magic:  6/7        EV: 13    Int: 15    God:
Gold:   144        SH:  0    Dex: 14    Spells: 1/7 levels left

rFire   . . .      SeeInvis .    h - +1 short sword (elec)
rCold   . . .      Faith    .    (no shield)
rNeg    . . .      Spirit   .    (helmet currently unavailable)
rPois   .          Reflect  .    (no amulet)
rElec   .          Harm     .    (no ring)
rCorr   .          Rampage  .    (no ring)
Will    .....                    (no ring)
Stlth   ++                       (no ring)
HPRegen 0.24/turn                (no ring)
MPRegen 0.10/turn                (no ring)
                                 (no ring)
                                 (no ring)

@: appendages
A: tentacle spike 3, almost no armour, amphibious, 8 rings, camouflage 1,
gelatinous body 1, (nimble swimmer 1), tentacles
a: End Transformation


You were on level 3 of the Dungeon.
One of your tentacles had grown a beastly spike.
You visited 1 branch of the dungeon, and saw 3 of its levels.

You collected 144 gold pieces.

Inventory:

Hand Weapons
 h - a +1 short sword of electrocution (weapon)
Missiles
 j - 4 poisoned darts
Jewellery
 k - a +5 ring of evasion
Scrolls
 c - a scroll of fog {unknown}
 d - a scroll of enchant weapon {unknown}
 e - 3 scrolls of identify {unknown}
 f - a scroll of fear {unknown}
Potions
 a - a potion of lignification
 b - 2 potions of curing {unknown}
 g - 2 potions of invisibility {unknown}
 i - a potion of attraction {unknown}


   Skills:
 + Level 1.7 Fighting
 + Level 2.5 Dodging
 + Level 3.4 Unarmed Combat
 + Level 2.4 Spellcasting
 + Level 2.5 Transmutations
 + Level 0.6 Poison Magic


You had one spell level left.
You knew the following spells:

 Your Spells              Type           Power      Damage    Failure   Level
a - Beastly Appendage     Tmut           18%        N/A       8%          1
b - Wereblood             Tmut           9%         N/A       12%         2
c - Spider Form           Tmut/Pois      6%         N/A       32%         3

Your spell library contained the following spells:

 Spells                   Type           Power      Damage    Failure   Level
 Freeze                   Ice            4%         1d3       22%         1
 Frozen Ramparts          Ice            2%         1d1       54%         3
 Hailstorm                Conj/Ice       1%         3d3       54%         3
 Ice Form                 Ice/Tmut       5%         N/A       77%         4


Dungeon Overview and Level Annotations

Branches:
Dungeon (3/15)

Altars:

Shops:
D:3 *


Innate Abilities, Weirdness & Mutations

One of your tentacles has grown a beastly spike.
You cannot wear most types of armour.
You are amphibious.
You can wear up to eight rings at the same time.
Your skin changes colour to match your surroundings (Stealth+).
Your rubbery body absorbs attacks. (AC +1, EV +1)
((You are camouflaged when in or above water. (Stealth+)))
You have tentacles for arms and can constrict up to eight enemies at once.


Message History

You see here 4 poisoned darts.
j - 4 poisoned darts
There is an entrance to Vuuhaudghie's Assorted Antiques here.
You open the door.
There is an open door here.
k - a +5 ring of evasion
There is an open door here.
There is an entrance to Vuuhaudghie's Assorted Antiques here.
There is a stone staircase leading up here.
You hear the slow rusting of a drain very nearby.
You open the door.
An orc and an orc wizard come into view.
There is an open door here.
An orc comes into view. It is wielding a +0 mace.
The orc shouts! x2; The orc wizard shouts!
You hit the orc. Your grab misses the orc.
The orc is heavily wounded.
The orc barely misses you.
The orc wizard casts a spell.
The orc wizard flickers and vanishes!
Deactivating autopickup; reactivate with Ctrl-A.
You hit the orc. You grab the orc. You squeeze the orc.
You kill the orc!
You hear some strange, mumbled words.
Something tries to affect you, but you resist.
Casting: Beastly Appendage (safe; 8% risk of failure)
Confirm with . or Enter, or press ? or * to list all spells.
One of your tentacles grows a vicious spike.
You hear some strange, mumbled words.
A magic dart appears from out of thin air!
The magic dart hits you! The orc closely misses you.
Things that are here:
a +0 mace; an orc corpse You miss something.
Your tentacle spike misses something.
Something hits you. The orc hits you with a +0 flail!
* * * LOW HITPOINT WARNING * * *
You hit something. Something hits you.
* * * LOW HITPOINT WARNING * * *
The orc hits you with a +0 flail!
You die...

.#### ..... #.. .....
#... .... .........
######..# .........
#.......#### .#.......
##..o........
.#......####....@{..#
........##...#'#.......#
........##.###.#######..
.............#.#
.#..##.......#<###
.........###...#.#
.##.....#####..#.#
.............#∩#.#
.......>.....#.#.#


You could see an orc.

Vanquished Creatures
  An adder (D:2)
  A gnoll (D:1)
  A dart slug (D:2)
  An orc (D:3)
  6 ball pythons
  4 bats
  2 endoplasms
  4 giant cockroaches
  A goblin (D:2)
  6 hobgoblins
  5 kobolds
  2 quokkas (D:2)
  2 frilled lizards (D:2)
  3 rats (D:1)
39 creatures vanquished.

Notes
Turn   | Place    | Note
-------+----------+-------------------------------------------
     0 | D:1      | voltaire321 the Octopode Transmuter began the quest for the
                  | Orb.
     0 | D:1      | Reached XP level 1. HP: 13/13 MP: 3/3
   184 | D:1      | Reached XP level 2. HP: 18/18 MP: 5/5
   610 | D:1      | Reached XP level 3. HP: 23/23 MP: 6/6
  1072 | D:1      | Learned a level 2 spell: Wereblood
  1076 | D:1      | Learned a level 3 spell: Spider Form
  1517 | D:2      | Reached XP level 4. HP: 29/29 MP: 7/7
  1688 | D:3      | Found Vuuhaudghie's Assorted Antiques.
  1723 | D:3      | Slain by an orc

Illustrated notes

Levels and vault maps discovered:
D:1:      co_arrival_random_square_maze, layout_basic, serial_forest,
          infiniplex_forest_end_2, infiniplex_forest_straight_1,
          infiniplex_forest_join, infiniplex_forest_end_2,
          infiniplex_forest_lined_2, infiniplex_forest_side_room,
          infiniplex_forest_lined_room_, infiniplex_forest_end_3,
          minmay_statues_item, hangedman_decor_points,
          dreamdust_princess_corridor, roderic_serpentine_path, glass_columns_a
D:2:      layout_rooms
D:3:      layout_rooms, mainiacjoe_overflow_concentric_impassable, serial_shops,
          nicolae_shop_hallway_stairs, portal_sewer_entry_b, uniq_natasha

Action                     |  1- 3 |  4- 6 || total
---------------------------+-------+-------++-------
  Melee: Short sword       |    77 |     8 ||    85
         Unarmed           |     7 |       ||     7
         Constrict         |    22 |     2 ||    24
         Tentacles         |    16 |     1 ||    17
         Kick              |     3 |       ||     3
         Punch             |     4 |       ||     4
   Cast: Beastly Appendage |     3 |     1 ||     4
   Stab: Sleeping          |     6 |       ||     6
 Armour: Skin              |    12 |       ||    12
  Dodge: Dodged            |    54 |     3 ||    57

Table legend: (Time is in decaauts)
 A = Elapsed time spent in this place.
 B = Non-inter-level travel time spent in this place.
 C = Inter-level travel time spent in this place.
 D = Time resting spent in this place.
 E = Time spent auto-exploring this place.
 F = Levels seen in this place.
 G = Mean time per level.
                   A        B        C        D        E       F      G
               +--------+--------+--------+--------+--------+-----+--------+
         Total |   1721 |   1638 |     83 |     30 |   1272 |   3 |  573.7 |
       Dungeon |   1721 |   1638 |     83 |     30 |   1272 |   3 |  573.7 |
               +--------+--------+--------+--------+--------+-----+--------+

Top non-repeatable levels by time:
     D:1: 1161 daAuts
     D:2: 499 daAuts
     D:3: 59 daAuts
